 Dungeon Crawl Stone Soup version 0.31.0-32-g396128a36d (webtiles) character file.

Game seed: 12086153279168490363

33 TacoSundae the Ruffian (level 3, 0/18 HPs)
             Began as a Vine Stalker Shapeshifter on Apr 5, 2024.
             Succumbed to a kobold's poison
             ... on level 1 of the Dungeon.
             The game lasted 00:01:01 (600 turns).

TacoSundae the Ruffian (Vine Stalker Shapeshifter)   Turns: 600, Time: 00:01:02

Health: 0/18       AC:  5    Str: 16    XL:     3   Next: 29%
Magic:  4/4        EV: 11    Int: 10    God:
Gold:   24         SH:  0    Dex: 15    Spells: 2/2 levels left

rFire   . .          .
                       - Unarmed
rCold   . . .        (no shield)
rNeg    . . .        f - +0 ring mail
rPois   .            (helmet currently unavailable)
rElec   .            (cloak currently unavailable)
rCorr   .            (gloves currently unavailable)
SInv    .            (boots currently unavailable)
Will    .....        (no amulet)
Stlth   +            (no ring)
HPRegen 1.03/turn    (no ring)
MPRegen 0.09/turn

%: guardian spirit
@: lethally poisoned (0 -> -8), beast-form
A: beast (slay +1), fangs 2, regeneration 1, magic shield, antimagic bite, no
potion heal 2
a: Begin Untransformation


You were on level 1 of the Dungeon.
You were a hulking beast.
You visited 1 branch of the dungeon, and saw 1 of its levels.

You collected 24 gold pieces.

Inventory:

Missiles
 e - 5 poisoned darts (quivered)
Armour
 a - a +0 animal skin
 f - a +0 ring mail (worn)
Talismans
 c - a beast talisman
 d - a flux talisman
Scrolls
 g - a scroll of amnesia {unknown}
 i - 2 scrolls of identify {unknown}
 j - a scroll of blinking {unknown}
Potions
 b - a potion of lignification


   Skills:
 + Level 1.4 Fighting
 + Level 1.9 Dodging
 * Level 3.5 Unarmed Combat
 + Level 3.2 Shapeshifting


You had 2 spell levels left.
You didn't know any spells.
Your spell library was empty.

Dungeon Overview and Level Annotations

Branches:
Dungeon (1/15)

Altars:


Innate Abilities, Weirdness & Mutations

You are a hulking beast.
Your limbs bulge with bestial killing power. (Slay +1)
You have extremely sharp teeth.
Your natural rate of healing is unusually fast.
When hurt, damage is shared between your health and your magic reserves.
Your bite disrupts and absorbs the magic of your enemies.
Potions cannot restore your health.


Message History

You punch the giant cockroach!
You kill the giant cockroach!
No target in view!
No target in view!
You now have 24 gold pieces (gained 12).
A hobgoblin comes into view.
The hobgoblin shouts!
You hear a shout! x2
You hit the hobgoblin.
The hobgoblin is moderately wounded.
The hobgoblin misses you.
You hit the hobgoblin.
You kill the hobgoblin!
No target in view!
A kobold comes into view. It is wielding a +0 dagger.
The kobold shouts!
You see here a hobgoblin corpse.
A kobold comes into view. It is wielding a +1 dagger of venom.
There are monsters nearby!
You hit the kobold.
You kill the kobold!
Things that are here:
a +0 dagger; a kobold corpse You barely miss the kobold.
The kobold hits you but does no damage.
You are poisoned.
You closely miss the kobold. Your bite misses the kobold.
You feel sick. The kobold hits you but does no damage.
You are more poisoned.
You closely miss the kobold.
You feel very sick.
The kobold hits you with a +1 dagger of venom.
You are lethally poisoned!
You punch the kobold!
You kill the kobold!
You feel very sick.
* * * LOW HITPOINT WARNING * * *
You feel very sick.
Things that are here:
a +1 dagger of venom; a kobold corpse It was a potion of heal wounds.
That seemed strangely inert.
You die...

######.##.##.......######.######
#.##......................#
#.##.##.......######.####.#
#.##.##.#...### #.# #.#
#...........# #.# #.#
#######..#### ######.# #.# #..#
#......# #.# #.#..######†######
#.# #......h)...# ###.#
###..######## #...# #.# #...#
#.### #.# #.#.# #.# #.# #.#.#
#.# #.# #.#.# ###########.# #.#
#.#.# ##...........# #.#
#.#.###.#.##########
##.########......###.#


There were no monsters in sight!

Vanquished Creatures
  A gnoll (D:1)
  3 endoplasms (D:1)
  A giant cockroach (D:1)
  A goblin (D:1)
  2 hobgoblins (D:1)
  5 kobolds (D:1)
  4 ball pythons (D:1)
  2 bats (D:1)
  A frilled lizard (D:1)
  A rat (D:1)
21 creatures vanquished.

Notes
Turn   | Place    | Note
-------+----------+-------------------------------------------
     0 | D:1      | TacoSundae the Vine Stalker Shapeshifter began the quest
                  | for the Orb.
     0 | D:1      | Reached XP level 1. HP: 9/9 MP: 2/2
    45 | D:1      | Reached skill level 1 in Fighting
    80 | D:1      | Reached XP level 2. HP: 14/14 MP: 1/3
   204 | D:1      | Reached XP level 3. HP: 16/18 MP: 2/4
   600 | D:1      | Succumbed to a kobold's poison

Illustrated notes

Levels and vault maps discovered:
D:1:      dpeg_arrival_another_circle, layout_loops_ring

Skill      XL: |  1 |
---------------+----+-----
Fighting       | 1 |  1.4
Dodging        | |  1.9
Unarmed Combat | |  3.5
Shapeshifting  | |  3.2

Action                     || total
---------------------------++-------
  Melee: Unarmed           ||    48
         Bite              ||     9
    Use: Potion            ||     1
 Armour: Ring mail         ||    31
  Dodge: Dodged            ||    20
